 Dungeon Crawl Stone Soup version 0.15.2 (webtiles) character file.

3753 glosham the Cleaver (level 10, 0/58 HPs)
             Began as a Gargoyle Healer on Feb 10, 2016.
             Was a Follower of Cheibriados.
             Splashed by an oklob sapling's acid (17 damage)
             ... on Level 8 of the Dungeon.
             The game lasted 02:03:16 (10695 turns).

glosham the Cleaver (Gargoyle Healer)              Turns: 10695, Time: 02:03:16

HP   0/58        AC 14     Str 21      XL: 10   Next: 15%
MP  15/15        EV  5     Int 21      God: Cheibriados [*.....]
Gold 322         SH  0     Dex 12      Spells:  0 memorised,  9 levels left

rFire  . . .     SeeInvis .     e - +3 shortbow
rCold  . . .     Clarity  .     X - +1 plate armour
rNeg   + . .     rCorr    .     (no shield)
rPois  +         rRot     +     (no helmet)
rElec  +         Spirit   .     (no cloak)
SustAb .         Warding  .     (no gloves)
rMut   .         Stasis   .     W - +0 pair of boots
Gourm  .                        (no amulet)
MR     .....                    (no ring)
                                A - +4 ring of intelligence

@: corroded equipment, very slow, not resistant to hostile enchantments,
extremely unstealthy
A: negative energy resistance 1, electricity resistance, unbreathing,
petrification resistance, rot immunity, AC +7
a: Bend Time, Renounce Religion


You were on level 8 of the Dungeon.
You worshipped Cheibriados.
Cheibriados was aware of your devotion.
You were hungry.

You visited 2 branches of the dungeon, and saw 9 of its levels.

You collected 322 gold pieces.

Inventory:

Hand weapons
 a - a +2 hand axe of freezing
 b - a +1 antimagic war axe
 c - a +0 trident
 d - a +0 blowgun
 e - a +3 shortbow (weapon)
Missiles
 u - 90 bolts
 z - 15 tomahawks
 E - 7 javelins
 F - 151 arrows (quivered)
 G - 13 sling bullets
 H - 13 poisoned needles
 I - a throwing net
Armour
 m - a +1 chain mail
 W - a +0 pair of boots (worn)
 X - a +1 plate armour (worn)
 Z - a +0 shield
Magical devices
 g - a wand of disintegration (12)
 h - a wand of fire (5)
Comestibles
 f - 7 fruits
 i - 4 meat rations
 o - a royal jelly
 v - 2 beef jerkies
 w - 2 rotting chunks of orc flesh
 x - 5 bread rations
Scrolls
 j - 3 scrolls of remove curse
 r - 2 scrolls of teleportation
 s - 2 scrolls of recharging
Jewellery
 A - a +4 ring of intelligence (left hand)
 D - an uncursed ring of fire
 S - an uncursed ring of sustain abilities
Potions
 k - a potion of degeneration {unknown}
 l - a potion of lignification {unknown}
 n - 3 potions of magic
 p - a potion of beneficial mutation {unknown}
 q - 10 potions of curing
 t - a potion of berserk rage {unknown}
 y - 2 potions of flight
 B - 3 potions of heal wounds
 C - a potion of brilliance {unknown}
 J - a potion of confusion {unknown}
 K - a potion of agility
 M - a potion of cancellation {unknown}


   Skills:
 - Level 4.7 Fighting
 * Level 12.1 Axes
 - Level 1.0 Armour
 - Level 1.5 Dodging
 - Level 3.0 Invocations


You had 9 spell levels left.
You didn't know any spells.

Dungeon Overview and Level Annotations

Branches:
Dungeon (8/15)             Temple (1/1) D:7
   Lair: D:8-11

Altars:
Ashenzari
Cheibriados
Dithmenos
Elyvilon
Fedhas
Kikubaaqudgha
Makhleb
Nemelex Xobeh
Okawaru
Qazlal
Sif Muna
Trog
Vehumet
Xom
Yredelemnul
Zin
The Shining One

Annotations:
D:5 water vault
D:8 exclusion: oklob sapling


Innate Abilities, Weirdness & Mutations

You are resistant to torment.
You are immune to poison.
Your stone body is very resilient (AC +7).
You resist negative energy.
You are resistant to electric shocks.
You can survive without breathing.
You are immune to petrification.
You are immune to rotting.


Message History

The arrow hits the wandering mushroom but does no damage.
The wandering mushroom is heavily damaged.
Firing (i - inventory. (,) - cycle):
F - 146 arrows (quivered)
Press: ? - help, Shift-Dir - straight line, f/p - wandering mushroom
Aim: a wandering mushroom (heavily damaged)
You shoot an arrow. The arrow hits the wandering mushroom.
The wandering mushroom is heavily damaged.
Firing (i - inventory. (,) - cycle):
F - 145 arrows (quivered)
Press: ? - help, Shift-Dir - straight line, f/p - wandering mushroom
Aim: a wandering mushroom (heavily damaged)
You shoot an arrow. The arrow hits the wandering mushroom.
The wandering mushroom is heavily damaged.
Firing (i - inventory. (,) - cycle):
F - 144 arrows (quivered)
Press: ? - help, Shift-Dir - straight line, f/p - wandering mushroom
Aim: a wandering mushroom (heavily damaged)
You shoot an arrow. The arrow hits the wandering mushroom.
The wandering mushroom is severely damaged.
Firing (i - inventory. (,) - cycle):
F - 143 arrows (quivered)
Press: ? - help, Shift-Dir - straight line, f/p - wandering mushroom
Aim: a wandering mushroom (severely damaged)
You shoot an arrow. The arrow hits the wandering mushroom!
The wandering mushroom is almost destroyed.
Firing (i - inventory. (,) - cycle):
F - 142 arrows (quivered)
Press: ? - help, Shift-Dir - straight line, f/p - wandering mushroom
Aim: a wandering mushroom (almost destroyed)
You shoot an arrow. The arrow hits the wandering mushroom.
The wandering mushroom is almost destroyed.
Firing (i - inventory. (,) - cycle):
F - 141 arrows (quivered)
Press: ? - help, Shift-Dir - straight line, f/p - wandering mushroom
Aim: a wandering mushroom (almost destroyed)
You shoot an arrow. The arrow hits the wandering mushroom!
You destroy the wandering mushroom!
Cheibriados thoroughly appreciates the change of pace.
Your Axes skill increases to level 12!
F - 151 arrows (gained 11) Marking area around the oklob sapling as unsafe for travelling.
An oklob sapling comes into view.
The oklob sapling spits acid at you. The splash of acid hits you!
The acid corrodes your equipment!
The acid burns!
You die...

......#[#.......#.#
########
##....#[#.......#.#
#..............#.#
###..#...♣♣♣♣♣♣♣♣♣
##.[.....♣♣.♣♣ ♣♣♣♣
.#.#.#...♣.♣.♣ P.%♣♣
.#.....>.♣.♣.♣ ♣%_%♣
.#...#.##♣.♣.♣♣♣.%.♣
.#.......♣.♣♣.♣.@♣
.##.......♣♣.♣.♣♣♣ ♣####
.##..#...♣♣♣♣.♣♣ ♣♣...#
.##.......♣♣♣♣♣♣♣♣ ♣.##.#
.##....##...####.###.##.#
.)...................##.#
###....##..##.##.....##.#
###.#....#.......##.##.#
#.......##.#...........#


You could see an oklob sapling.

Vanquished Creatures
  Grinder (D:3)
  4 wandering mushrooms (D:8)
  Menkaure (D:4)
  A water moccasin (D:7)
  3 centaurs (D:7)
  2 sky beasts (D:5)
  4 ogres
  A giant frog (D:7)
  3 killer bees (D:6)
  A scorpion (D:7)
  8 wights
  4 jellies
  4 crimson imps
  A giant frog skeleton (D:6)
  2 goliath beetles
  3 hounds
  A giant frog zombie (D:6)
  An orc priest (D:8)
  A centaur zombie (D:7)
  2 orc wizards (D:6)
  3 worker ants (D:5)
  Natasha (twice) (D:3)
  Jessica (D:3)
  8 gnolls
  An orc zombie (D:7)
  9 adders
  An orc skeleton (D:7)
  A shadow imp (D:6)
  2 giant mites
  4 worms
  8 giant geckos
  An ooze (D:3)
  25 orcs
  A ball python (D:1)
  5 giant cockroaches
  10 goblins
  13 hobgoblins
  19 jackals
  5 quokkas
  A ball python skeleton (D:4)
  11 bats
  A giant gecko zombie (D:7)
  4 giant newts
  2 hobgoblin skeletons
  16 kobolds
  A kobold zombie (D:8)
  A quokka skeleton (D:4)
  7 rats
  A rat skeleton (D:4)
212 creatures vanquished.

Notes
Turn   | Place    | Note
--------------------------------------------------------------
     0 | D:1      | glosham, the Gargoyle Healer, began the quest for the Orb.
     0 | D:1      | Reached XP level 1. HP: 12/12 MP: 2/2
   232 | D:1      | Reached skill level 2 in Fighting
   246 | D:1      | Reached XP level 2. HP: 2/17 MP: 3/3
  1145 | D:1      | Reached skill level 3 in Fighting
  1145 | D:1      | Reached XP level 3. HP: 15/23 MP: 5/5
  1841 | D:2      | Reached skill level 4 in Fighting
  1911 | D:2      | Reached XP level 4. HP: 21/29 MP: 6/6
  2828 | D:2      | Reached skill level 1 in Armour
  2828 | D:2      | Reached XP level 5. HP: 34/34 MP: 8/8
  2846 | D:2      | Reached skill level 1 in Axes
  2963 | D:3      | Noticed Grinder
  2987 | D:3      | Paralysed by Grinder for 5 turns
  3008 | D:3      | Paralysed by Grinder for 5 turns
  3033 | D:3      | Paralysed by Grinder for 7 turns
  3041 | D:3      | Paralysed by Grinder for 4 turns
  3066 | D:3      | Killed Grinder
  3066 | D:3      | Reached skill level 4 in Axes
  3066 | D:3      | Reached XP level 6. HP: 13/39 MP: 9/9
  3899 | D:3      | Noticed Jessica
  3930 | D:3      | Killed Jessica
  3957 | D:3      | Reached XP level 7. HP: 41/44 MP: 11/11
  4094 | D:3      | Noticed Natasha
  4113 | D:3      | Killed Natasha
  4113 | D:3      | Reached skill level 5 in Axes
  4158 | D:3      | Noticed Natasha
  4170 | D:3      | Killed Natasha
  4943 | D:4      | Noticed Menkaure
  4964 | D:4      | Killed Menkaure
  5233 | D:4      | Reached skill level 6 in Axes
  5577 | D:5      | Entered Level 5 of the Dungeon
  5663 | D:5      | Reached XP level 8. HP: 45/48 MP: 12/12
  6025 | D:5      | Reached skill level 7 in Axes
  6784 | D:6      | Reached skill level 8 in Axes
  6792 | D:6      | Found a white marble altar of Elyvilon.
  6921 | D:6      | HP: 3/48 [killer bee (4)]
  7917 | D:6      | Reached skill level 9 in Axes
  8164 | D:7      | Reached XP level 9. HP: 52/52 MP: 4/14
  8664 | D:7      | Reached skill level 10 in Axes
  8910 | D:7      | Found a staircase to the Ecumenical Temple.
  8921 | Temple   | Entered the Ecumenical Temple
  8974 | Temple   | Fell from the grace of Elyvilon
  8974 | Temple   | Became a worshipper of Cheibriados the Contemplative
  9465 | D:8      | Found a stormy altar of Qazlal.
  9718 | D:8      | Reached skill level 11 in Axes
 10369 | D:8      | Noticed a wandering mushroom
 10378 | D:8      | Killed a wandering mushroom
 10523 | D:8      | Noticed a wandering mushroom
 10536 | D:8      | Killed a wandering mushroom
 10536 | D:8      | Reached XP level 10. HP: 40/58 MP: 15/15
 10652 | D:8      | Found a blossoming altar of Fedhas.
 10652 | D:8      | Noticed a wandering mushroom
 10652 | D:8      | Noticed a wandering mushroom
 10681 | D:8      | Killed a wandering mushroom
 10691 | D:8      | Killed a wandering mushroom
 10691 | D:8      | Reached skill level 12 in Axes
 10695 | D:8      | Splashed by an oklob sapling's acid

Action                   |  1- 3 |  4- 6 |  7- 9 | 10-12 || total
-------------------------+-------+-------+-------+-------++-------
Melee: Unarmed           |    96 |       |       |       ||    96
       Short sword       |   136 |   241 |       |       ||   377
       Hand axe          |       |    72 |   259 |     7 ||   338
       War axe           |       |       |   489 |       ||   489
 Fire: Blowgun           |       |       |     5 |       ||     5
       Shortbow          |       |       |    23 |    24 ||    47
Throw: Javelin           |    14 |       |     7 |       ||    21
Invok: Lesser Self-Heali |     1 |       |     2 |       ||     3
Evoke: Wand              |       |       |     2 |       ||     2
  Use: Scroll            |     1 |     5 |    13 |       ||    19
       Potion            |       |     2 |     1 |       ||     3
  Eat: Chunk             |     4 |     7 |    21 |       ||    32

Table legend:
 A = Turns spent in this place as a percentage of turns spent in the entire game.
 B = Non-inter-level travel turns spent in this place as a percentage of non-inter-level travel turns spent in the entire game.
 C = Inter-level travel turns spent in this place as a percentage of turns spent in this place.
 D = Turns resting spent in this place as a percentage of non-inter-level travel turns spent in this place.
 E = Turns spent auto-exploring this place as a percentage of non-inter-level travel turns spent in this place.
 F = Non-inter-level travel turns spent in this place divided by the number of levels of this place that you've seen.
                   A       B       C       D       E      F
               +-------+-------+-------+-------+-------+----------------------
         Total | 100.0 | 100.0 |   0.4 |   1.9 |   0.8 | 687.1
       Dungeon |  99.5 |  99.5 |   0.4 |   1.9 |   0.6 | 769.2
        Temple |   0.5 |   0.5 |   3.2 |   0.0 |  53.3 |  30.0
               +-------+-------+-------+-------+-------+----------------------

Table legend:
 A = Kills in this place as a percentage of kills in entire the game.
 B = Kills by you in this place as a percentage of kills by you in the entire game.
 C = Kills by friends in this place as a percentage of kills by friends in the entire game.
 D = Other kills in this place as a percentage of other kills in the entire game.
 E = Experience gained in this place as a percentage of experience gained in the entire game.
 F = Experience gained in this place divided by the number of levels of this place that you have seen.
                   A       B       C       D       E      F
               +-------+-------+-------+-------+-------+----------------------
         Total | 100.0 | 100.0 |  -nan |  -nan | 100.0 | 595.8
       Dungeon | 100.0 | 100.0 |  -nan |  -nan | 100.0 | 670.2
               +-------+-------+-------+-------+-------+----------------------

Vault maps used:
D:1:      dpeg_arrival_erosion, minivault_24
D:2:      first_bread
D:3:      uniq_grinder, uniq_jessica, uniq_natasha
D:4:      corexii_shack_village, serial_bayou, serial_bayou_shore_b,
          serial_bayou_lake_a, serial_bayou_pond_e, serial_bayou_crossing,
          serial_bayou_pond_a, serial_bayou_pond_e, uniq_menkaure
D:5:      water_maze_lemuel
D:6:      elyvilon_altar_4
D:7:      minmay_temple_entry_grid
D:8:      basic_altar, hangedman_tree_tricks
Temple:   grunt_wide_crystal_templ_18
